 Dungeon Crawl Stone Soup version 0.18.1-48-g4cf74bf (webtiles) character file.

165 Melfield the Skirmisher (level 5, -2/46 HPs)
             Began as a Draconian Berserker on Aug 12, 2016.
             Was a Believer of Trog.
             Slain by an orc priest
             ... wielding a +0 hand axe
              (3 damage)
             ... on level 4 of the Dungeon.
             The game lasted 00:09:58 (3061 turns).

Melfield the Skirmisher (Draconian Berserker)       Turns: 3061, Time: 00:09:59

Health: -2/46      AC:  5    Str: 20    XL:     5   Next: 21%
Magic:  6/6        EV: 13    Int:  7    God:    Trog [**....]
Gold:   217        SH:  0    Dex: 11    Spells: 0 memorised, 6 levels left

rFire  . . .     SeeInvis .     a - +0 hand axe
rCold  . . .     Gourm    .     (armour unavailable)
rNeg   . . .     Faith    .     (no shield)
rPois  .         Spirit   .     (helmet restricted)
rElec  .         Dismiss  .     (no cloak)
rCorr  .         Reflect  .     (no gloves)
SustAt +         Harm     .     (no boots)
MR     .....                    (no amulet)
Stlth  +.........               (no ring)
                                r - ring of sustain attributes

@: exhausted, slowed, very slow, not resistant to hostile enchantments, very
unstealthy
A: unfitting armour, cold-blooded, AC +5
a: Berserk, Trog's Hand, Burn Spellbooks, Renounce Religion


You were on level 4 of the Dungeon.
You worshipped Trog.
Trog was pleased with you.
You were not hungry.

You visited 1 branch of the dungeon, and saw 4 of its levels.

You collected 217 gold pieces.

Inventory:

Hand Weapons
 a - a +0 hand axe (weapon)
 l - a +2 vampiric hand axe
Jewellery
 r - a ring of sustain attributes (left hand)
Scrolls
 b - 2 scrolls of random uselessness {unknown}
 h - 3 scrolls of remove curse {unknown}
 k - 2 scrolls of enchant weapon
 m - a scroll of identify
Potions
 d - a potion of flight {unknown}
 e - a potion of magic {unknown}
 g - 2 potions of heal wounds {unknown}
 j - 2 potions of brilliance {unknown}
 o - a potion of lignification {unknown}
 q - a potion of haste {unknown}
 s - a potion of curing {unknown}
Comestibles
 i - a slice of pizza
 p - a bread ration


   Skills:
 + Level 4.2 Fighting
 + Level 4.0 Axes
 + Level 4.0 Dodging
 * Level 1.0 Spellcasting


You had 6 spell levels left.
You didn't know any spells.

Dungeon Overview and Level Annotations

Branches:
Dungeon (4/15)
 Temple: D:4-7

Altars:
Elyvilon
Gozag
Zin
The Shining One


Innate Abilities, Weirdness & Mutations

Your plain brown scales are hard (AC +5).
Your body does not fit into most forms of armour.
You are cold-blooded and may be slowed by cold attacks.


Message History

You're too exhausted to go berserk.
The orc priest casts a cantrip, but nothing happens.
You are too injured to fight recklessly!
Okay, then.
Eat which item? (? for menu, Esc to quit)
Okay, then.
It was a potion of cure mutation.
It has a very clean taste.
The orc priest completely misses you.
The orc priest hits you but does no damage.
You barely miss the orc priest.
The orc priest is heavily wounded.
The orc priest mumbles some strange prayers to Beogh against you.
Beogh smites you!
* * * LOW HITPOINT WARNING * * *
You're too exhausted to go berserk.
As you read the scroll of noise, it crumbles to dust.
You hear a loud clanging noise!
You hear a shout! x3
The orc priest hits you but does no damage.
The orc priest hits you with a hand axe.
You die...

### $.# ##).#######
##.## #.)##...#.# .
...###o#####.#.#
.....##.@# #.#.##
.....##)######....##
.............###...#
...#.##.####..##.#.##
#.#..# ##.#..#..###
#...## #...........
#..## ##..#.......
#..# #...#####...
##.## #.#.# ##.


You could see an orc priest.

Vanquished Creatures
  An ogre (D:4)
  2 adders (D:3)
  An adder zombie (D:3)
  A worm (D:2)
  2 dart slugs (D:1)
  3 giant geckos
  3 orcs (D:4)
  6 bats
  2 giant cockroaches
  5 goblins
  6 hobgoblins
  A quokka (D:3)
  5 giant newts
  5 kobolds
  6 rats
49 creatures vanquished.

Notes
Turn   | Place    | Note
--------------------------------------------------------------
     0 | D:1      | Melfield the Draconian Berserker began the quest for the Orb.
     0 | D:1      | Reached XP level 1. HP: 19/19 MP: 1/1
   528 | D:1      | Reached XP level 2. HP: 26/26 MP: 2/2
  1318 | D:2      | Reached XP level 3. HP: 33/33 MP: 3/3
  1356 | D:2      | Found a glowing silver altar of Zin.
  1356 | D:2      | Found a glowing golden altar of the Shining One.
  1356 | D:2      | Found a white marble altar of Elyvilon.
  1410 | D:2      | Reached ** piety under Trog
  2293 | D:3      | Reached XP level 4. HP: 40/40 MP: 4/4
  2956 | D:4      | Found an opulent altar of Gozag.
  3032 | D:4      | Noticed an ogre
  3037 | D:4      | Killed an ogre
  3037 | D:4      | Reached skill level 1 in Spellcasting
  3037 | D:4      | Reached XP level 5. HP: 46/46 MP: 4/6
  3060 | D:4      | HP: 1/46 [orc priest/divine providence (12)]
  3061 | D:4      | Slain by an orc priest

Skill      XL: |  1  2  3  4 |
---------------+-------------+-----
Fighting       | 4 |  4.2
Dodging        | 3 4 |  4.0
Axes           | 4 |  4.0
Spellcasting   | 1 |  1.0

Action                   |  1- 3 |  4- 6 || total
-------------------------+-------+-------++-------
Melee: Hand axe          |   114 |    25 ||   139
       Tailslap          |    16 |     2 ||    18
Invok: Berserk           |       |     1 ||     1
  Use: Scroll            |       |     4 ||     4
       Potion            |       |     1 ||     1
  Eat: Bread ration      |     1 |       ||     1
       Beef jerky        |       |     1 ||     1
       Meat ration       |       |     1 ||     1
Armor: Skin              |    34 |     7 ||    41
Dodge: Dodged            |    55 |    19 ||    74
